 Dungeon Crawl Stone Soup version 0.26-a0-663-g36e8fdb655 (webtiles) character file.

Game seed: 7932500327753015794

90 DogServant the Insei (level 4, -9/46 HPs)
             Began as a Draconian Transmuter on Oct 12, 2020.
             Killed by divine providence
             ... invoked by an orc priest
              (12 damage)
             ... on level 3 of the Dungeon.
             The game lasted 00:03:41 (2412 turns).

DogServant the Insei (Draconian Transmuter)         Turns: 2412, Time: 00:03:42

Health: -9/46      AC: 22    Str: 12    XL:     4   Next: 32%
Magic:  7/7        EV:  2    Int: 13    God:
Gold:   179        SH:  4    Dex: 13    Spells: 6/7 levels left

rFire    . . .     SeeInvis .     - Unarmed
rCold    . . .     Faith    .   f - +0 buckler
rNeg     + + +     Spirit   .   (armour unavailable)
rPois    +         Reflect  .   (helmet currently unavailable)
rElec    .         Harm     .   (cloak currently unavailable)
rCorr    .         Rampage  .   (gloves currently unavailable)
MR       .....     NoTele   +   (boots currently unavailable)
Stlth    +.........             (no amulet)
HPRegen  0.00/turn              (no ring)
MPRegen  0.10/turn              (no ring)

@: brilliant, tree-form
A: unfitting armour, frail 1, inhibited regeneration, MP-powered wands, AC +5
a: no special abilities


You were on level 3 of the Dungeon.
You were a tree.
You visited 1 branch of the dungeon, and saw 3 of its levels.

You collected 179 gold pieces.

Inventory:

Armour
 f - a +0 buckler (worn)
 g - a +0 pair of gloves (melded)
 j - a +0 cloak (melded)
Scrolls
 i - a scroll of enchant weapon
 n - a scroll of identify


   Skills:
 - Level 1.1 Fighting
 + Level 2.6 Dodging
 + Level 1.9 Shields
 + Level 3.8 Unarmed Combat
 - Level 2.0 Spellcasting
 - Level 2.2 Transmutations


You had 6 spell levels left.
You knew the following spells:

 Your Spells              Type           Power        Failure   Level
a - Beastly Appendage     Tmut           ##....       13%         1

Your spell library contained the following spells:

 Spells                   Type           Power        Failure   Level
 Wereblood                Tmut           ##......     19%         2
 Spider Form              Tmut/Pois      #.........   52%         3
 Ice Form                 Ice/Tmut       #.......     90%         4
 Blade Hands              Tmut           ##........   98%         5


Dungeon Overview and Level Annotations

Branches:
Dungeon (3/15)

Altars:


Innate Abilities, Weirdness & Mutations

((Your plain brown scales are hard. (AC +5)))
You cannot fit into any form of body armour.
((You are cold-blooded and may be slowed by cold attacks.))
((Your large and strong wings let you fly indefinitely.))
You are frail. (-10% HP)
You do not regenerate when monsters are visible.
You expend magic power (3 MP) to strengthen your wands.


Message History

As you read the scroll labeled FIZ AQORA XEIN, it crumbles to dust.
You hear a loud clanging noise!
It was a scroll of noise.
You hear a shout!
The orc throws a boomerang.
You block the boomerang.
The weapon returns to the orc!
As you read the scroll labeled NEANGOUMISH, it crumbles to dust.
You feel aware of your surroundings.
It was a scroll of magic mapping.
The orc throws a boomerang.
The boomerang hits you but does no damage.
The weapon returns to the orc!
As you read the scroll labeled MUESTI KIKO, it crumbles to dust.
It is a scroll of identify.
You don't have any unidentified items.
The orc throws a boomerang.
The boomerang hits you but does no damage.
The weapon returns to the orc!
The orc priest calls down the wrath of Beogh upon you.
Beogh smites you!
You die...

******* ,,,,,,*
*****,* *
*,**##############
*,,,....ooo.♣...(#
********############.#
,,,,,,* #.# *****,*
#.# *,* #.# *,* #.#
*,* #.# *,* #.#
*,********** #.#


You could see an orc priest (inner flame) and 2 orcs.

Vanquished Creatures
  Terence (D:2)
  An orc wizard (D:3)
  An adder (D:2)
  A dart slug (D:2)
  An orc (D:3)
  A giant cockroach (D:3)
  3 goblins
  3 hobgoblins
  6 kobolds
  9 bats
  2 frilled lizards (D:1)
  3 rats
32 creatures vanquished.

Notes
Turn   | Place    | Note
-------+----------+-------------------------------------------
     0 | D:1      | DogServant the Draconian Transmuter began the quest for the
                  | Orb.
     0 | D:1      | Reached XP level 1. HP: 16/16 MP: 3/3
   592 | D:1      | Reached XP level 2. HP: 13/23 MP: 3/5
  1584 | D:2      | Noticed Terence
  1601 | D:2      | Killed Terence
  1601 | D:2      | Reached skill level 1 in Shields
  1601 | D:2      | Reached XP level 3. HP: 14/28 MP: 6/6
  2397 | D:3      | Reached XP level 4. HP: 23/35 MP: 7/7
  2402 | D:3      | Gained mutation: You expend magic power (3 MP) to
                  | strengthen your wands. [potion of mutation]
  2402 | D:3      | Gained mutation: You are frail. (-10% HP) [potion of
                  | mutation]
  2402 | D:3      | Gained mutation: You do not regenerate when monsters are
                  | visible. [potion of mutation]
  2402 | D:3      | Gained mutation: Your large and strong wings let you fly
                  | indefinitely. [potion of mutation]
  2412 | D:3      | Killed from afar by an orc priest

Illustrated notes

Levels and vault maps discovered:
D:1:      psy_arrival_fountain, layout_basic
D:2:      kennysheep_six_static_rooms, layout_basic, uniq_terence
D:3:      layout_loops_ring, minmay_crystal_water,
          corexii_item_surrounded_by_moat

Skill      XL: |  1  2 |
---------------+-------+-----
Dodging        | 2 |  2.6
Shields        | 1 |  1.9
Fighting       | |  1.1
Unarmed Combat | |  3.8
Spellcasting   | |  2.0
Transmutations | |  2.2

Action                   |  1- 3 |  4- 6 || total
-------------------------+-------+-------++-------
Melee: Unarmed           |   134 |       ||   134
       Tailslap          |    14 |       ||    14
       Headbutt          |     6 |       ||     6
       Kick              |    11 |       ||    11
 Cast: Beastly Appendage |    13 |       ||    13
  Use: Scroll            |       |     7 ||     7
       Potion            |       |     4 ||     4
 Stab: Sleeping          |     1 |       ||     1
Armor: Skin              |    64 |     7 ||    71
Dodge: Dodged            |   112 |     3 ||   115
Block: Buckler           |    18 |     2 ||    20

Table legend: (Time is in decaauts)
 A = Elapsed time spent in this place.
 B = Non-inter-level travel time spent in this place.
 C = Inter-level travel time spent in this place.
 D = Time resting spent in this place.
 E = Time spent auto-exploring this place.
 F = Levels seen in this place.
 G = Mean time per level.
                   A        B        C        D        E       F      G
               +--------+--------+--------+--------+--------+-----+--------+
         Total |   2405 |   2338 |     67 |    318 |   1657 |   3 |  801.7 |
       Dungeon |   2405 |   2338 |     67 |    318 |   1657 |   3 |  801.7 |
               +--------+--------+--------+--------+--------+-----+--------+

Top non-repeatable levels by time:
     D:2: 1309 daAuts
     D:1: 1036 daAuts
     D:3: 60 daAuts
